 Dungeon Crawl Stone Soup version 0.25-a0-690-g234afa57d4 (webtiles) character file.

Game seed: 2317299276553755304, levelgen mode: deterministic

1531 DavidChitty2 the Cleaver (level 8, -3/71 HPs)
             Began as a Hill Orc Fighter on Mar 30, 2020.
             Was an Initiate of Beogh.
             Slain by a troll (9 damage)
             ... on level 6 of the Dungeon.
             The game lasted 00:07:25 (5204 turns).

DavidChitty2 the Cleaver (Hill Orc Fighter)         Turns: 5204, Time: 00:07:26

Health: -3/71      AC: 14    Str: 21    XL:     8   Next: 85%
Magic:  9/9        EV:  6    Int:  8    God:    Beogh [......]
Gold:   285        SH: 10    Dex: 10    Spells: 7/7 levels left

rFire    . . .     SeeInvis .   a - +1 war axe
rCold    . . .     Gourm    .   c - +0 kite shield
rNeg     . . .     Faith    .   y - +0 chain mail
rPois    .         Spirit   .   q - +0 helmet
rElec    .         Reflect  .   (no cloak)
rCorr    .         Harm     .   (no gloves)
MR       .....                  h - +2 pair of boots
Stlth    ..........             u - amulet of the acrobat
HPRegen  0.21/turn              (no ring)
MPRegen  0.11/turn              k - ring of flight

@: no status effects
A: no striking features
a: Renounce Religion, Evoke Flight


You were on level 6 of the Dungeon.
You worshipped Beogh.
Beogh was noncommittal.
You were not hungry.

You visited 2 branches of the dungeon, and saw 7 of its levels.

You collected 285 gold pieces.

Inventory:

Hand Weapons
 a - a +1 war axe (weapon)
 b - a +2 flail of protection
   (You took it off Edmund on level 4 of the Dungeon)
 A - a +3 whip
   (You found it on level 5 of the Dungeon)
Armour
 c - a +0 kite shield (worn)
 h - a +2 pair of boots (worn)
   (You found it on level 1 of the Dungeon)
 q - a +0 helmet (worn)
   (You took it off Robin on level 2 of the Dungeon)
 y - a +0 chain mail (worn)
   (You took it off Edmund on level 4 of the Dungeon)
Jewellery
 k - a ring of flight (right hand)
   (You found it on level 1 of the Dungeon)
 u - an amulet of the acrobat (around neck)
   (You found it on level 4 of the Dungeon)
Wands
 d - a wand of iceblast (7)
   (You found it on level 6 of the Dungeon)
 t - a wand of flame (6)
   (You took it off Jessica on level 3 of the Dungeon)
 x - a wand of polymorph (9)
   (You found it on level 4 of the Dungeon)
Scrolls
 g - 2 scrolls of magic mapping
 i - 2 scrolls of remove curse {@r2}
 l - 2 scrolls of immolation {!r}
Potions
 f - 7 potions of curing {@q1}
 m - a potion of lignification {!q}
 n - a potion of might
 p - 2 potions of mutation {!q}
 r - 2 potions of haste {@q3}
 v - a potion of invisibility
 z - 2 potions of resistance
Comestibles
 e - 10 rations {!d}
 j - 2 chunks of flesh


   Skills:
 + Level 6.8 Fighting
 * Level 9.2 Axes
 + Level 6.1 Armour
 + Level 6.1 Shields
 + Level 1.7 Invocations


You had 7 spell levels left.
You didn't know any spells.
Your spell library contained the following spells:

 Spells                   Type           Power        Failure   Level  Hunger
 Foxfire                  Conj/Fire      #...         100%        1    ##.....
 Conjure Flame            Conj/Fire      #.......     100%        3    ####...
 Inner Flame              Hex/Fire       #.......     100%        3    ####...
 Sticky Flame             Conj/Fire      #.......     100%        4    #####..
 Fireball                 Conj/Fire      #.........   100%        5    ######.


Dungeon Overview and Level Annotations

Branches:
Dungeon (6/15)             Temple (1/1) D:4

Altars:
Ashenzari
Dithmenos
Fedhas
Gozag
Hepliaklqana
Makhleb
Nemelex Xobeh
Qazlal
Sif Muna
Trog
Vehumet
Wu Jian
Zin
The Shining One


Message History

The troll claws you! The troll claws you but does no damage.
You block the adder's attack.
You slice the adder!!
You kill the adder!
Beogh accepts your kill.
You hit the ice beast but do no damage. You hit the troll.
The ice beast hits you but does no damage.
The troll bites you but does no damage. You block the troll's attack.
The troll claws you. You block the ice beast's attack.
You hit the troll. You hit the ice beast. You block the troll's attack.
The troll claws you but does no damage. You block the troll's attack.
You block the ice beast's attack. The troll bites you!
* * * LOW HITPOINT WARNING * * *
You block the troll's attack. The troll claws you but does no damage.
You are too injured to fight recklessly!
You slash the ice beast! You barely miss the troll. The ice beast hits you.
* * * LOW HITPOINT WARNING * * *
The ice beast freezes you!
* * * LOW HITPOINT WARNING * * *
You block the troll's attack. The troll claws you but does no damage.
The troll barely misses you.
You feel much better. The ice beast hits you. The ice beast freezes you!
* * * LOW HITPOINT WARNING * * *
The troll bites you but does no damage. You block the troll's attack.
The troll claws you but does no damage. The ice beast completely misses you.
You barely miss the ice beast. You closely miss the troll.
The troll bites you but does no damage. You block the troll's attack. x2
The ice beast hits you but does no damage.
Unknown command.
You barely miss the ice beast. You barely miss the troll.
You block the troll's attack. x2; The troll claws you.
* * * LOW HITPOINT WARNING * * *
You block the ice beast's attack.
You closely miss the ice beast. You slash the troll!
You block the troll's attack. The troll claws you but does no damage.
The troll claws you.
* * * LOW HITPOINT WARNING * * *
You block the ice beast's attack.
You hit the ice beast. You completely miss the troll.
The troll closely misses you. The troll claws you.
* * * LOW HITPOINT WARNING * * *
The troll claws you but does no damage. You block the ice beast's attack.
You hit the ice beast. You hit the troll but do no damage.
You block the troll's attack. The troll claws you.
* * * LOW HITPOINT WARNING * * *
The troll claws you!
* * * LOW HITPOINT WARNING * * *
You block the ice beast's attack. x2; The troll bites you!
You die...

##......................#
.......##.......#########
......###........##
....#.#...........#
..#...#...........#
.####.............#
..................#
###........####''####
....#.....##....@...##
######.#.##....TY....##
#.###........(...#
#.##......†.......# #
###................ ..
................ ..
................
.....#..#......
......##.......


You could see a troll and an ice beast.

Vanquished Creatures
  Sigmund (D:2)
  Edmund (D:4)
  2 sky beasts
  5 ogres
  A bullfrog (D:3)
  A howler monkey (D:6)
  3 crimson imps
  An orc priest (D:5)
  Jessica (D:3)
  3 orc wizards
  5 worker ants
  Robin (D:2)
  5 adders
  An adder skeleton (D:4)
  2 worms
  5 dart slugs
  4 leopard geckos
  16 orcs
  7 bats
  2 giant cockroaches (D:3)
  16 goblins
  13 hobgoblins
  3 jackals (D:1)
  7 kobolds
  7 quokkas
  6 frilled lizards
  A jackal skeleton (D:4)
  3 rats
123 creatures vanquished.

Notes
Turn   | Place    | Note
-------+----------+-------------------------------------------
     0 | D:1      | DavidChitty2 the Hill Orc Fighter began the quest for the
                  | Orb.
     0 | D:1      | Reached XP level 1. HP: 19/19 MP: 1/1
   130 | D:1      | Reached skill level 3 in Axes
   153 | D:1      | Reached XP level 2. HP: 27/27 MP: 2/2
   339 | D:1      | Reached XP level 3. HP: 33/33 MP: 3/3
   834 | D:2      | Found a blossoming altar of Fedhas,
  1032 | D:2      | Noticed Robin
  1042 | D:2      | Reached skill level 4 in Axes
  1108 | D:1      | Reached XP level 4. HP: 35/40 MP: 4/4
  1176 | D:2      | Killed Robin
  1381 | D:2      | Noticed Sigmund
  1393 | D:2      | Killed Sigmund
  1393 | D:2      | Reached skill level 5 in Axes
  1393 | D:2      | Reached XP level 5. HP: 34/47 MP: 5/5
  1440 | D:2      | Reached XP level 6. HP: 46/53 MP: 6/6
  1674 | D:3      | Noticed Jessica
  1687 | D:3      | Killed Jessica
  1906 | D:3      | Reached skill level 5 in Fighting
  2047 | D:3      | Found an opulent altar of Gozag,
  2315 | D:3      | Reached skill level 6 in Axes
  2474 | D:4      | Noticed Edmund
  2491 | D:4      | Killed Edmund
  2491 | D:4      | Reached XP level 7. HP: 44/61 MP: 7/7
  2652 | D:4      | Reached skill level 7 in Axes
  2652 | D:4      | Reached skill level 5 in Armour
  2652 | D:4      | Reached skill level 5 in Shields
  2993 | D:4      | Found a staircase to the Ecumenical Temple,
  3022 | D:4      | Got an ichor-stained dagger
  3126 | D:4      | Reached XP level 8. HP: 66/70 MP: 8/8
  3461 | D:4      | Reached skill level 8 in Axes
  3534 | Temple   | Entered the Ecumenical Temple
  3736 | D:5      | Entered Level 5 of the Dungeon
  4071 | D:5      | Became a worshipper of Beogh the Brigand
  4416 | D:5      | Reached skill level 9 in Axes
  4416 | D:5      | Reached skill level 1 in Invocations
  5183 | D:6      | Noticed a troll
  5204 | D:6      | Slain by a troll

Levels and vault maps discovered:
D:1:      wander_arrival_fairy_ring, layout_basic, minmay_stone_trees_large
D:2:      layout_loops_corners, first_ration, fedhas_altar_1, uniq_robin,
          uniq_sigmund
D:3:      layout_rooms, nicolae_gozag_seed_capital, uniq_jessica
D:4:      layout_gridville, minmay_temple_entry_mini_moons, uniq_edmund
D:5:      layout_layer_cave
D:6:      kennysheep_big_flooded_room, layout_rooms
Temple:   nicolae_temple_figure_eight

Skill      XL: |  1  2  3  4  5  6  7  8 |
---------------+-------------------------+-----
Axes           | 3 4 5 6 7 9 |  9.2
Fighting       | 4 5 6 |  6.8
Armour         | 4 5 6 |  6.1
Shields        | 4 5 6 |  6.1
Invocations    | 1 |  1.7

Action                   |  1- 3 |  4- 6 |  7- 9 || total
-------------------------+-------+-------+-------++-------
Melee: War axe           |    92 |   149 |   206 ||   447
Invok: Convert to Beogh  |       |       |     1 ||     1
  Use: Scroll            |       |     9 |     8 ||    17
       Potion            |       |       |     1 ||     1
  Eat: Chunk             |       |     5 |     6 ||    11
       Ration            |       |       |     1 ||     1
Armor: Scale mail        |    43 |    88 |    40 ||   171
       Chain mail        |       |       |    69 ||    69
Dodge: Dodged            |    30 |    54 |    46 ||   130
Block: Kite shield       |    57 |    92 |   108 ||   257

Table legend:
 A = Non-vault XP
 B = Vault XP
 C = Vault XP percentage of total XP
 D = Non-vault monster count
 E = Vault monster count
 F = Vault count percentage of total count
                 A         B        C        D         E       F
            +---------+---------+-------+---------+---------+-------
      Total |    1705 |     483 |  22.1 |     107 |      16 |  13.0
            +---------+---------+-------+---------+---------+-------
        D:1 |      44 |      14 |  24.1 |      20 |       8 |  28.6
        D:2 |      74 |     228 |  75.5 |      14 |       5 |  26.3
        D:3 |     162 |      37 |  18.6 |      30 |       1 |   3.2
        D:4 |     619 |     171 |  21.6 |      13 |       1 |   7.1
        D:5 |     677 |       0 |   0.0 |      22 |       0 |   0.0
        D:6 |     129 |      33 |  20.4 |       8 |       1 |  11.1
            +---------+---------+-------+---------+---------+-------
